 Dungeon Crawl Stone Soup version 0.18-a0-628-gc02dfad (webtiles) character file.

323 M4edhros the Charlatan (level 6, 0/38 HPs)
             Began as an Octopode Artificer on Dec 4, 2015.
             Succumbed to poison (a potion of poison)
             ... on level 4 of the Dungeon.
             The game lasted 00:06:37 (2756 turns).

M4edhros the Charlatan (Octopode Artificer)         Turns: 2756, Time: 00:06:38

Health: 0/38       AC:  1    Str: 10    XL:     6   Next: 47%
Magic:  9/9        EV: 13    Int: 16    God:
Gold:   139        SH:  0    Dex: 13    Spells: 0 memorised, 5 levels left

rFire  . . .     SeeInvis .     h - +0 hunting sling
rCold  . . .     Clarity  .     (no shield)
rNeg   . . .     SustAt   .     (helmet restricted)
rPois  .         Gourm    .     k - amulet of rage
rElec  .         Spirit   .     (no ring)
rCorr  .         Dismiss  .     (no ring)
rMut   .         Stasis   .     (no ring)
MR     .....                    (no ring)
Stlth  ++++......               (no ring)
                                (no ring)
                                (no ring)
                                (no ring)

@: lethally poisoned (0 -> -7), exhausted, very slightly contaminated, hasted
and slowed, invisible, not resistant to hostile enchantments, stealthy
A: almost no armour, amphibious, 8 rings, constrict 8, camouflage 1, gelatinous
body 1
a: Evoke Berserk Rage


You were on level 4 of the Dungeon.
You were hungry.

You visited 1 branch of the dungeon, and saw 5 of its levels.

You collected 139 gold pieces.

Inventory:

Hand Weapons
 a - a +0 short sword
 h - a +0 hunting sling (weapon)
Missiles
 i - 38 stones (quivered)
Jewellery
 k - an amulet of rage (around mantle)
Wands
 b - a wand of flame (14)
 c - a wand of enslavement (14)
 d - a wand of random effects (10)
 p - a wand of slowing (14)
Scrolls
 f - 4 scrolls of identify {unknown}
 g - 2 scrolls of teleportation {unknown}
 n - a scroll of enchant weapon {unknown}
 o - a scroll of blinking {unknown}
Comestibles
 e - 6 bread rations
 j - a meat ration


   Skills:
 - Level 1.0 Fighting
 - Level 1.0 Short Blades
 * Level 3.6 Slings
 + Level 3.2 Dodging
 + Level 4.5 Stealth
 + Level 4.6 Evocations


You had 5 spell levels left.
You didn't know any spells.

Dungeon Overview and Level Annotations

Branches:
Dungeon (5/15)
 Temple: D:4-7

Altars:
Trog


Innate Abilities, Weirdness & Mutations

You cannot wear most types of armour.
You are amphibious.
You can wear up to eight rings at the same time.
You can use your tentacles to constrict eight enemies at once.
Your skin changes colour to match your surroundings (Stealth).
Your rubbery body absorbs attacks (AC +1).


Message History

Unknown command.
You feel a strong urge to attack something.
The orc shouts!
* * * LOW HITPOINT WARNING * * *
You feel sick.
The orc shouts!
You feel your anger subside.
The orc shouts!
You are no longer berserk.
You are exhausted.
You feel yourself slow down.
You are feeling hungry.
* * * LOW HITPOINT WARNING * * *
You feel sick.
The orc shouts!
* * * LOW HITPOINT WARNING * * *
You feel sick.
* * * LOW HITPOINT WARNING * * *
You feel sick.
You die... ## .# . #. .. .PPP #. .#P.... .#..PPPPPPP P ## ..........P .P ....###.#.PPPPP.PPP.P #....._..P.........P.P ##@#.PPP.PPPPPPPPP#

#..................
#.#..........###
#.#.#......#.......
#.#.######.#.######
#.#..........#
#.#..........#
#.#..#####...#
#+####
#.#.Z#?%%#...#


There were no monsters in sight!

Vanquished Creatures
  An ogre (D:4)
  An orc wizard (D:4)
  2 orc priests (D:4)
  A worker ant (D:4)
  5 adders
  A gnoll (D:2)
  3 oozes
  A giant gecko (D:3)
  6 orcs
  2 bats (D:1)
  3 giant cockroaches
  5 goblins
  6 hobgoblins
  3 jackals (D:1)
  3 quokkas
  4 ball pythons
  2 giant newts (D:3)
  6 kobolds
  4 rats
59 creatures vanquished.

Vanquished Creatures (others)
  A jackal (D:1)
1 creature vanquished.

Grand Total: 60 creatures vanquished

Notes
Turn   | Place    | Note
--------------------------------------------------------------
     0 | D:1      | M4edhros the Octopode Artificer began the quest for the Orb.
     0 | D:1      | Reached XP level 1. HP: 13/13 MP: 3/3
   523 | D:1      | Reached XP level 2. HP: 11/18 MP: 4/4
   858 | D:1      | Reached XP level 3. HP: 7/23 MP: 5/5
   864 | D:1      | Reached skill level 1 in Slings
  1686 | D:3      | Reached XP level 4. HP: 26/28 MP: 6/6
  2130 | D:3      | Reached skill level 4 in Evocations
  2314 | D:4      | Noticed an ogre
  2319 | D:4      | Killed an ogre
  2319 | D:4      | Reached XP level 5. HP: 31/33 MP: 8/8
  2383 | D:4      | Reached XP level 6. HP: 33/38 MP: 9/9
  2586 | D:5      | Entered Level 5 of the Dungeon
  2704 | D:4      | Found a bloodstained altar of Trog.
  2754 | D:4      | HP: 1/38 [poison (a potion of poison)]
  2756 | D:4      | Succumbed to poison (a potion of poison)

Vault maps used:
D:1:      dpeg_arrival_leaves_temple_mockup
D:2:      nicolae_overflow_crystal_walls, minmay_close_crescents
D:3:      nemelex_altar_shiori
D:4:      lemuel_crystal_altar, first_bread, minmay_hedge_maze,
          due_unseen_surprise
D:5:      marbit_many_paths, basic_altar, minmay_misc_feat_more_columns,
          lemuel_tele_altar, uniq_edmund, uniq_eustachio, uniq_blork_the_orc,
          uniq_sigmund

Action                   |  1- 3 |  4- 6 || total
-------------------------+-------+-------++-------
Melee: Short sword       |    16 |     7 ||    23
       Hunting sling     |     9 |    12 ||    21
 Fire: Hunting sling     |    88 |    89 ||   177
 Abil: Evoke Berserk Rag |       |     1 ||     1
Evoke: Wand              |     1 |     6 ||     7
  Use: Potion            |     2 |     3 ||     5
 Stab: Sleeping          |     1 |       ||     1
       Paralysed         |       |     2 ||     2
  Eat: Chunk             |     2 |     4 ||     6
